 Dungeon Crawl Stone Soup version 0.25.0-11-g1f837a76a1 (webtiles) character file.

Game seed: 1367984962761145861

(classic levelgen) 128 EnegeticOcto the Shield-Bearer (level 4, 5/42 HPs)
             Began as a Deep Dwarf Fighter on June 24, 2020.
             Quit the game on level 5 of the Dungeon.
             The game lasted 00:00:29 (630 turns).

EnegeticOcto the Shield-Bearer (Deep Dwarf Fighter)  Turns: 630, Time: 00:00:30

Health: 5/42       AC:  8    Str: 21    XL:     4   Next: 86%
Magic:  4/4        EV:  8    Int:  8    God:
Gold:   54         SH:  9    Dex: 12    Spells: 3/3 levels left

rFire    . . .     SeeInvis .   a - +0 war axe
rCold    . . .     Gourm    .   c - +0 kite shield
rNeg     . . .     Faith    .   b - +0 scale mail
rPois    .         Spirit   .   j - +0 helmet
rElec    .         Reflect  .   (no cloak)
rCorr    .         Harm     .   (no gloves)
MR       .....                  (no boots)
Stlth    ..........             (no amulet)
HPRegen  0.00/turn              (no ring)
MPRegen  0.09/turn              (no ring)

@: non-regenerating, glowing
A: damage resistance, heal wounds, sense surroundings 1, no regeneration
a: Heal Wounds


You were on level 5 of the Dungeon.
You were not hungry.

You visited 1 branch of the dungeon, and saw 5 of its levels.

You collected 54 gold pieces.

Inventory:

Hand Weapons
 a - a +0 war axe (weapon)
Armour
 b - a +0 scale mail (worn)
 c - a +0 kite shield (worn)
 j - a +0 helmet (worn)
Scrolls
 i - a scroll of random uselessness {unknown}
 l - a scroll of amnesia {unknown}
 n - a scroll of identify {unknown}
 p - a scroll of remove curse {unknown}
 q - a scroll of teleportation {unknown}
Potions
 d - a potion of lignification {unknown}
 f - 3 potions of curing {unknown}
 h - a potion of degeneration {unknown}
 k - a potion of might {@q3}
 m - a potion of stabbing {unknown}
 o - a potion of mutation {unknown}
Comestibles
 e - 3 rations
 g - 2 chunks of flesh


   Skills:
 * Level 3.5 Fighting
 * Level 3.5 Axes
 + Level 3.8 Armour
 + Level 1.6 Dodging
 + Level 3.8 Shields


You had 3 spell levels left.
You didn't know any spells.
Your spell library was empty.

Dungeon Overview and Level Annotations

Branches:
Dungeon (5/15)
 Temple: D:4-7

Altars:

Annotations:
D:5 Dowan, Duvessa, Sigmund


Innate Abilities, Weirdness & Mutations

You are resistant to damage.
You can heal yourself by infusing magical energy.
You passively map a small area around you.
You do not regenerate.


Message History

You are too injured to fight recklessly!
You feel much better.
You hear a bark!
Duvessa hits you with a +0 short sword. Something hits you.
You block Dowan's attack.
A jackal comes into view.
You closely miss Dowan.
Dowan is heavily wounded.
You hit Duvessa but do no damage. Duvessa completely misses you.
You block Duvessa's attack. Dowan completely misses you. Something hits you.
You completely miss Dowan.
Dowan is heavily wounded.
You barely miss Duvessa. You block Duvessa's attack.
Duvessa hits you with a +0 short sword.
Dowan points at you and mumbles some strange words.
The puff of frost misses you. Something hits you!
You hit Dowan.
Dowan is heavily wounded.
You completely miss Duvessa. Duvessa hits you with a +0 short sword.
Dowan closely misses you. You block Duvessa's attack.
Dowan gestures wildly while chanting.
Dowan blinks!
Something hits you. You block Duvessa's attack.
You barely miss Duvessa.
Duvessa is lightly wounded.
You block Duvessa's attack. Duvessa hits you but does no damage.
You block something's attack.
You barely miss Duvessa.
Duvessa is lightly wounded.
Duvessa hits you with a +0 short sword. You block Duvessa's attack.
You are too injured to fight recklessly!
You are too injured to fight recklessly!
You are too injured to fight recklessly!
You are too injured to fight recklessly!
You are too injured to fight recklessly!
You are too injured to fight recklessly!
You are too injured to fight recklessly!
You are too injured to fight recklessly!
You are too injured to fight recklessly!
You are too injured to fight recklessly!
You are too injured to fight recklessly!
You are too injured to fight recklessly!
You are too injured to fight recklessly!
You are too injured to fight recklessly!
You are too injured to fight recklessly!
You feel much better. Something hits you! You block Duvessa's attack.
Dowan points at you and mumbles some strange words.
The puff of frost hits you!
You feel much better. You block Duvessa's attack. Something hits you!
Duvessa barely misses you.
Your shield and scale mail prevent you from hitting Dowan.
Dowan is heavily wounded.
You hit Duvessa.
Duvessa says, "My weaknesses are his strengths!"
You block Duvessa's attack.
Dowan points at you and mumbles some strange words.
You are outlined in light.
Something hits you but does no damage. You block Duvessa's attack.
Your scale mail prevents you from hitting Dowan.
Dowan is heavily wounded.
You barely miss Duvessa. Duvessa hits you with a +0 short sword.
Dowan hits you but does no damage. Duvessa hits you but does no damage.
Something hits you.
You barely miss Dowan.
Dowan is heavily wounded.
You closely miss Duvessa. You block Duvessa's attack.
Dowan hits you with a +0 dagger. Duvessa hits you with a +0 short sword.
Dowan hits you but does no damage. Something hits you.
You closely miss Dowan.
Dowan is heavily wounded.
You barely miss Duvessa. Duvessa hits you with a +0 short sword.
Duvessa hits you with a +0 short sword! Dowan hits you but does no damage.
You block something's attack.
You closely miss Dowan.
Dowan is heavily wounded.
You slash Duvessa! Duvessa hits you with a +0 short sword.
You block Dowan's attack. Duvessa hits you with a +0 short sword.
You hear some strange, mumbled words.
Something tries to affect you, but you resist.
Dowan gestures at you while chanting. The puff of flame hits you!
* * * LOW HITPOINT WARNING * * *
Duvessa hits you but does no damage.
You hear a bark!
You are too injured to fight recklessly!
You are too injured to fight recklessly!
You are too injured to fight recklessly!
You are too injured to fight recklessly!
You are too injured to fight recklessly!
You are too injured to fight recklessly!
You are too injured to fight recklessly!
You are too injured to fight recklessly!
You are too injured to fight recklessly!
You are too injured to fight recklessly!
You are too injured to fight recklessly!
You are too injured to fight recklessly!
You are too injured to fight recklessly!
You are too injured to fight recklessly!
You are too injured to fight recklessly!
You are too injured to fight recklessly!
Are you sure you want to abandon this character and quit the game? (Confirm with "yes".)

########
**#####....... #
,...#...>. ,.# *
####.#..### .#
#h{.@e....##..#
#h##e#..#..#..#*
**
#.#........##.)
,
..##.##<.......,
#####.......##.#
,* #########* *
, , , , , , , *
,, * * , ,, ,


You could see Duvessa (fast), Dowan and 2 jackals.

Vanquished Creatures
  A centaur zombie (D:2)
  2 hounds
  3 adders
  A giant cockroach (D:1)
  A hobgoblin (D:3)
  2 quokkas
  2 frilled lizards
  A rat (D:2)
13 creatures vanquished.

Notes
Turn   | Place    | Note
-------+----------+-------------------------------------------
     0 | D:1      | EnegeticOcto the Deep Dwarf Fighter began the quest for the
                  | Orb.
     0 | D:1      | Reached XP level 1. HP: 20/20 MP: 1/1
   110 | D:2      | Reached XP level 2. HP: 22/27 MP: 2/2
   209 | D:2      | Reached skill level 1 in Dodging
   209 | D:2      | Reached XP level 3. HP: 28/34 MP: 3/3
   437 | D:4      | Reached XP level 4. HP: 38/42 MP: 4/4
   572 | D:5      | Entered Level 5 of the Dungeon
   587 | D:5      | Noticed Dowan
   600 | D:5      | Noticed Sigmund
   614 | D:5      | Noticed Duvessa
   630 | D:5      | Quit the game

Illustrated notes

Levels and vault maps discovered:
D:1:      minmay_arrival_nine_rooms, layout_basic, corexii_hall_statues_u,
          nrook_mini_vaults, hex_large
D:2:      layout_basic, gammafunk_temple_overflow_statue,
          kennysheep_generic_room_6
D:3:      layout_loops_ring, minitemple, guppyfry_early_lair_pool
D:4:      layout_loops_cross, first_ration, serial_shops, nicolae_shop_crystal,
          kennysheep_mini_moat, gammafunk_ghost_cemetery, dk_vineyard_2,
          uniq_natasha
D:5:      layout_loops_cross, nicolae_ossuary_entry_ruins, gup_sewer_entry_pipe,
          gammafunk_ghost_cemetery, uniq_prince_ribbit1, uniq_sigmund,
          uniq_duvessa

Skill      XL: |  1  2  3 |
---------------+----------+-----
Fighting       | 3 |  3.5
Dodging        | 1 |  1.6
Axes           | 3 |  3.5
Armour         | |  3.8
Shields        | |  3.8

Action                   |  1- 3 |  4- 6 || total
-------------------------+-------+-------++-------
Melee: War axe           |    66 |    48 ||   114
 Abil: Heal Wounds       |     2 |     4 ||     6
Armor: Scale mail        |    27 |    30 ||    57
Dodge: Dodged            |    29 |    11 ||    40
Block: Kite shield       |    47 |    38 ||    85
